 Dungeon Crawl Stone Soup version 0.29-a0-341-g24ffce5b50 (webtiles) character file.

Game seed: 4178593457426296661

5 spaghetti the Caller (level 1, 15/15 HPs)
             Began as a Deep Dwarf Summoner on Apr 20, 2022.
             Quit the game on level 1 of the Dungeon.
             The game lasted 00:00:54 (217 turns).

spaghetti the Caller (Deep Dwarf Summoner)           Turns: 217, Time: 00:00:55

Health: 15/15      AC:  2    Str: 11    XL:     1   Next: 66%
Magic:  1/2        EV: 12    Int: 15    God:
Gold:   26         SH:  0    Dex: 13    Spells: 2/3 levels left

rFire   . . .      SeeInvis .   c - +0 spear {polearm}
rCold   . . .      Faith    .   (no shield)
rNeg    . . .      Spirit   .   a - +0 robe
rPois   .          Reflect  .   (no helmet)
rElec   .          Harm     .   (no cloak)
rCorr   .          Rampage  .   (no gloves)
Will    .....                   (no boots)
Stlth   ++........              (no amulet)
HPRegen 0.00/turn               (no ring)
MPRegen 0.08/turn               (no ring)

@: no status effects
A: damage resistance, heal wounds, sense surroundings 1, no regeneration
a: Heal Wounds


You were on level 1 of the Dungeon.
You visited 1 branch of the dungeon, and saw 1 of its levels.

You collected 26 gold pieces.


Innate Abilities, Weirdness & Mutations

You are resistant to damage.
You can heal yourself by infusing magical energy.
You passively map a small area around you.
You do not regenerate.


   Skills:
 - Level 2.1 Dodging
 - Level 2.4 Stealth
 - Level 1.7 Spellcasting
 + Level 3.9 Summonings


You had 2 spell levels left.
You knew the following spells:

 Your Spells              Type           Power      Damage    Failure   Level
a - Summon Small Mammal   Summ           52%        N/A       4%          1

Your spell library contained the following spells:

 Spells                   Type           Power      Damage    Failure   Level
 Call Imp                 Summ           13%        N/A       7%          2
 Call Canine Familiar     Summ           13%        N/A       14%         3
 Summon Guardian Golem    Hex/Summ       7%         N/A       30%         3
 Summon Lightning Spire   Summ/Air       7%         N/A       71%         4

Inventory:

Hand Weapons
 c - a +0 spear (weapon) {polearm}
   (You found it on level 1 of the Dungeon)
 d - a +0 club {mace}
   (You took it off a kobold on level 1 of the Dungeon)
Missiles
 f - 17 stones {throwing}
Armour
 a - a +0 robe (worn)
Scrolls
 e - a scroll of noise {unknown}
Potions
 b - a potion of magic

Dungeon Overview and Level Annotations

Branches:
Dungeon (1/15)

Altars:

* * #.#?..>.....# *
#.#...#.#...# , *
###.........b.## * ,
,....)...#.#....# *
...........S.... *
......#.§...#.## *
.......S........ ,
##+###g###..##.
#.#..r@$..###
#............. ..#
#............. ..#
##...........# ..##
#...........#
...#########...........#
...........#...........#
...≈≈§§≈≈≈.#...........#
...≈.....§.#...........#


You could see a gnoll (ally target), a ball python and a friendly rat
(summoned).


Message History

😱 MP[+1]
Your mp is fully restored (3).
You feel much better. 😎 HP[+12]
Your hp is fully restored (15).
A ball python comes into view.
A ball python is nearby!
A ball python is nearby!
A ball python is nearby!
A ball python is nearby! 2 kobolds come into view.
Found a short sword and a scroll labelled OSUIC MESE.
Found a stone staircase leading down.
The rat closely misses you.
Casting: Summon Small Mammal (safe; 4% risk of failure)
Confirm with . or Enter, or press ? or * to list all spells.
The kobold shouts!
The rat barely misses you.
The kobold throws a stone.
The stone hits you. 😎 MP[-1]
You lost 1 mp, and now have 2/3 mp.
Casting: Summon Small Mammal (safe; 4% risk of failure)
Confirm with . or Enter, or press ? or * to list all spells.
Your bat closely misses the rat.
The rat bites you.
A gnoll comes into view. It is wielding a +0 whip.
The ball python barely misses you. The ball python grabs you.
The ball python constricts you.
Your bat hits the ball python. 😎 MP[-1]
You lost 1 mp, and now have 1/3 mp.
The gnoll shouts!
You hit the rat but do no damage.
Your bat closely misses the rat.
The rat bites you.
The kobold throws a stone.
The stone barely misses you. The ball python bites you.
The ball python constricts you.
Your bat closely misses the ball python.
Your rat completely misses the ball python.
The rat bites you.
The kobold throws a stone.
The stone hits you but does no damage.
The kobold hits your rat with a +0 whip.
Your rat dies!
Your rat's corpse disappears in a puff of smoke!
You completely miss the rat. The ball python bites you.
The ball python constricts you. The rat bites you.
The kobold throws a stone.
The stone hits you. 😕 HP[-2]
You take 2 damage, and now have 13/15 hp.
You completely miss the rat. Your bat hits the ball python.
The ball python loses its grip on you. The ball python misses your bat.
The ball python closely misses your bat.
The kobold throws a stone.
The stone barely misses you. The rat bites you.
The rat attacks as you move away! The rat bites you.
Your bat barely misses the ball python.
The rat twitches its whiskers.
The rat attacks as you move away! The rat barely misses you.
The kobold attacks as you move away! The kobold barely misses you.
Casting: Summon Small Mammal (safe; 4% risk of failure)
Confirm with . or Enter, or press ? or * to list all spells.
The rat bites you.
Casting: Summon Small Mammal (safe; 4% risk of failure)
Confirm with . or Enter, or press ? or * to list all spells.
You don't have enough magic to cast this spell. 😕 MP[-1]
You lost 1 mp, and now have 0/3 mp.
You hit the rat but do no damage. Your bat misses the kobold.
Your bat hits the kobold but does no damage. x2
Something barely misses your bat. The rat bites you.
Something closely misses your bat.
Something completely misses your bat. 😕 HP[-1]
You take 1 damage, and now have 12/15 hp.
You hit the rat.
You kill the rat!
Your bat hits the kobold but does no damage.
Something barely misses your bat. x2; Your bat closely misses the kobold.
Something hits your bat.
Your bat dies!
Your bat's corpse disappears in a puff of smoke!
Casting: Summon Small Mammal (safe; 4% risk of failure)
Confirm with . or Enter, or press ? or * to list all spells.
You don't have enough magic to cast this spell.
You closely miss the gnoll. The gnoll barely misses you.
You hit the gnoll but do no damage.
The gnoll hits you with a +0 whip. 😮 HP[-2] MP[+1]
You take 2 damage, and now have 10/15 hp.
You hit the gnoll but do no damage. The gnoll hits you with a +0 whip.
* * * LOW HITPOINT WARNING * * *
Your rat bites the gnoll but does no damage. 😨 HP[-3]
You take 3 damage, and now have 7/15 hp.
Unknown command.
You closely miss the gnoll. The gnoll closely misses you.
Your rat bites the gnoll but does no damage.
Your magical essence is drained by the effort!
You feel much better. The gnoll misses you.
Your rat barely misses the gnoll. 😎 HP[+8]
Your hp is fully restored (15).
You hit the gnoll but do no damage. The gnoll hits you with a +0 whip.
Your rat bites the gnoll.
Unknown command.
You hit the gnoll. The gnoll misses you.
Your rat bites the gnoll.
The gnoll misses you.
Are you sure you want to abandon this character and quit the game? (Confirm with "yes".)

Action                   || total
-------------------------++-------
Melee: Spear             ||    25
       Unarmed           ||     3
 Cast: Summon Small Mamm ||     7
 Abil: Heal Wounds       ||     2
 Stab: Sleeping          ||     1
Armor: Robe              ||     3
Dodge: Dodged            ||    27

Levels and vault maps discovered:
D:1:      ebering_hopf_link, layout_basic, st_stairs_2

Notes
Turn   | Place    | Note
-------+----------+-------------------------------------------
     0 | D:1      | spaghetti the Deep Dwarf Summoner began the quest for the
                  | Orb.
     0 | D:1      | Reached XP level 1. HP: 15/15 MP: 3/3
     0 | D:1      | magus.rc [v1.9.6]
   132 | D:1      | HP: 3/15 [kobold/+0 whip (3)]
   217 | D:1      | Quit the game

Vanquished Creatures
  A quokka (D:1)
  A bat (D:1)
  A frilled lizard (D:1)
  A rat (D:1)
4 creatures vanquished.

Vanquished Creatures (collateral kills)
  2 kobolds (D:1)
2 creatures vanquished.

Grand Total: 6 creatures vanquished

Table legend:
 A = Non-vault XP
 B = Vault XP
 C = Vault XP percentage of total XP
 D = Non-vault monster count
 E = Vault monster count
 F = Vault count percentage of total count
                 A         B        C        D         E       F
            +---------+---------+-------+---------+---------+-------
      Total |       8 |       0 |   0.0 |       6 |       0 |   0.0
            +---------+---------+-------+---------+---------+-------
        D:1 |       8 |       0 |   0.0 |       6 |       0 |   0.0
            +---------+---------+-------+---------+---------+-------

Illustrated notes

Table legend:
 A = Kills in this place as a percentage of kills in entire the game.
 B = Kills by you in this place as a percentage of kills by you in the entire game.
 C = Kills by friends in this place as a percentage of kills by friends in the entire game.
 D = Other kills in this place as a percentage of other kills in the entire game.
 E = Experience gained in this place as a percentage of experience gained in the entire game.
 F = Experience gained in this place divided by the number of levels of this place that you have seen.
                   A       B       C       D       E      F
               +-------+-------+-------+-------+-------+----------------------
         Total | 100.0 | 100.0 | 100.0 |   N/A | 100.0 |   8.0
       Dungeon | 100.0 | 100.0 | 100.0 |   N/A | 100.0 |   8.0
               +-------+-------+-------+-------+-------+----------------------

Table legend: (Time is in decaauts)
 A = Elapsed time spent in this place.
 B = Non-inter-level travel time spent in this place.
 C = Inter-level travel time spent in this place.
 D = Time resting spent in this place.
 E = Time spent auto-exploring this place.
 F = Levels seen in this place.
 G = Mean time per level.
                   A        B        C        D        E       F      G
               +--------+--------+--------+--------+--------+-----+--------+
         Total |    219 |    219 |      0 |      0 |    131 |   1 |  219.0 |
       Dungeon |    219 |    219 |      0 |      0 |    131 |   1 |  219.0 |
               +--------+--------+--------+--------+--------+-----+--------+

Top non-repeatable levels by time:
     D:1: 219 daAuts
